 Dungeon Sprint DCSS version 0.30.1-11-g7821555f0a (webtiles) character file.

Game seed: 2442841784275520939

35 Groucho the Covered (level 3, 0/33 HPs)
             Began as an Armataur Fighter on Dec 21, 2023.
             Splashed by a jelly's acid (6 damage)
             ... in the Dungeon (Sprint IX: "|||||||||||||||||||||||||||||").
             The game lasted 00:00:35 (37 turns).

Groucho the Covered (Armataur Fighter)                Turns: 37, Time: 00:00:36

Health: 0/33       AC:  3    Str: 23    XL:     3   Next: 17%
Magic:  1/4        EV:  8    Int:  8    God:
Gold:   0          SH:  4    Dex:  9    Spells: 2/2 levels left

rFire   . . .        a - +0 long sword
rCold   . . .        c - +0 buckler
rNeg    . . .        b - +0 scale mail
rPois   .            (no helmet)
rElec   .            (no cloak)
rCorr   .            (no gloves)
SInv    .            (no barding)
Will    .....        (no amulet) Stlth
                     (no ring)
HPRegen 0.25/turn    (no ring)
MPRegen 0.09/turn

%: no teleportation, roll
@: corroded
A: large, rugged brown scales 3, deformed body, armoured tail, roll, long
tongue, awkward tongue
a: no special abilities


You were in the Dungeon.
You visited 1 branch

Inventory:

Hand Weapons
 a - a +0 long sword (weapon)
Armour
 b - a +0 scale mail (worn)
 c - a +0 buckler (worn)
Scrolls
 j - a scroll of blinking
Potions
 d - a potion of might
 e - a potion of curing
 g - a potion of haste
 h - 2 potions of magic
 i - a potion of berserk rage


   Skills:
 + Level 3.4 Fighting
 + Level 2.7 Long Blades
 + Level 4.5 Armour
 + Level 1.4 Dodging
 + Level 2.5 Stealth
 + Level 4.2 Shields
 + Level 2.1 Invocations


You had 2 spell levels left.
You didn't know any spells.
Your spell library was empty.

Dungeon Overview and Level Annotations

Branches:
Dungeon (1/1)

Altars:


Innate Abilities, Weirdness & Mutations

You are completely covered in rugged brown scales. (AC +3, +7% HP)
Armour fits poorly on your strangely shaped body.
You have a long armoured tail.
You roll when moving toward enemies. (Rampage)
Your long tongue fully drains potion bottles. (2x potion effects)
Your tongue gives you trouble enunciating. (1.5x scroll delay)


Message History

Increase (S)trength, (I)ntelligence, or (D)exterity?
You feel stronger. x2
Unknown command.
Unknown command.
You hit the orc.
The orc is severely wounded.
The orc hits you with a +0 short sword.
You hit the orc but do no damage. You tail-slap the orc.
You kill the orc!
Unknown command.
You hit the jelly.
Your hands burn!
The jelly is moderately wounded.
The jelly hits you but does no damage.
Unknown command.
Unknown command.
You hit the jelly but do no damage.
Your hands burn!
The jelly is moderately wounded.
The jelly closely misses you.
The iguana hisses menacingly.
The jelly hits you but does no damage.
You barely miss the jelly.
The jelly is moderately wounded.
The jelly hits you. The acid corrodes you!
You are splashed with acid.
Unknown command.
Unknown command.
You hit the jelly.
Your hands burn!
The jelly is severely wounded.
The jelly hits you.
You are splashed with acid.
* * * LOW HITPOINT WARNING * * *
Unknown command.
Unknown command.
You hit the jelly but do no damage.
Your hands burn!
* * * LOW HITPOINT WARNING * * *
The jelly is severely wounded.
The jelly hits you but does no damage.
The iguana hisses menacingly.
The jelly hits you.
* * * LOW HITPOINT WARNING * * *
You are splashed with acid.
You die...

▓+▓
▓.▓
▓.▓
▓.▓
▓l▓
▓O▓
▓J▓
▓@▓
▓.▓
▓.▓
▓.▓
▓.▓
▓†▓
▓.▓
▓.▓
▓.▓


You could see an ogre, an iguana and a jelly.

Vanquished Creatures
  An iguana (D)
  A dart slug (D)
  An orc (D)
  A hobgoblin (D)
  A frilled lizard (D)
  2 rats (D)
7 creatures vanquished.

Notes
Turn   | Place    | Note
-------+----------+-------------------------------------------
     0 | D        | Groucho the Armataur Fighter began the quest for the Orb.
     0 | D        | Reached XP level 1. HP: 19/19 MP: 1/1
     6 | D        | Reached skill level 1 in Stealth
    16 | D        | Reached skill level 1 in Invocations
    22 | D        | Noticed an iguana
    22 | D        | Noticed an ogre
    22 | D        | Noticed a jelly
    22 | D        | Noticed an iguana
    30 | D        | Killed an iguana
    31 | D        | Reached skill level 1 in Dodging
    31 | D        | Reached XP level 2. HP: 21/27 MP: 1/3
    31 | D        | Reached XP level 3. HP: 26/33 MP: 1/4
    37 | D        | Splashed by a jelly's acid

Illustrated notes

Levels and vault maps discovered:
D:        linesprint [early_d, line_temple, items_1, d_10, items_2, lair_1,
          lair_end, items_3, orc_1, orc_end, items_4, d_15, swamp_1, shoals_1,
          snake_1, spider_1, d_20, vaults_1, items_5, swamp_end, shoals_end,
          snake_end, spider_end, vaults_end, d_27, items_6, zot_1, zot_end,
          crypt_end, forest_end, elf_end, slime_end, tomb_end, abyss_end,
          pan_hell_end]

Skill      XL: |  1 |
---------------+----+-----
Long Blades    | 2 |  2.7
Stealth        | 2 |  2.5
Fighting       | 3 |  3.4
Armour         | 4 |  4.5
Invocations    | 2 |  2.1
Dodging        | 1 |  1.4
Shields        | 4 |  4.2

Action                     || total
---------------------------++-------
  Melee: Long sword        ||    26
         Tailslap          ||     3
    Use: Potion            ||     1
 Armour: Scale mail        ||     9
  Dodge: Dodged            ||     7
